 Dungeon Crawl Stone Soup version 0.24.0-37-gcf1ca852f1 (webtiles) character file.

Game seed: 12612046100006540590, levelgen mode: deterministic

6155 Delamore the Severer (level 10, -10/86 HPs)
             Began as a Hill Orc Fighter on Nov 26, 2019.
             Was a Priest of Okawaru.
             Engulfed by an ice statue's freezing vapour (21 damage)
             ... on level 9 of the Dungeon.
             The game lasted 00:12:14 (9688 turns).

Delamore the Severer (Hill Orc Fighter)             Turns: 9688, Time: 00:12:14

Health: -10/86     AC:  7    Str: 23    XL:     10   Next: 90%
Magic:  10/10      EV:  8    Int:  8    God:    Okawaru [***...]
Gold:   438        SH: 12    Dex: 10    Spells: 9/9 levels left

rFire    + . .     SeeInvis .   b - +0 war axe (curse)
rCold    . . .     Gourm    .   c - +0 shield
rNeg     . . .     Faith    .   Q - +0 troll leather armour
rPois    .         Spirit   .   I - +1 helmet
rElec    .         Reflect  +   u - scarf {repulsion}
rCorr    .         Harm     .   (no gloves)
MR       .....                  k - +0 pair of boots
Stlth    +.........             N - +3 amulet of reflection
HPRegen  0.64/turn              l - ring of protection from fire
MPRegen  0.12/turn              (no ring)

@: invisible, repel missiles
A: no striking features
a: Heroism, Renounce Religion


You were on level 9 of the Dungeon.
You worshipped Okawaru.
Okawaru was most pleased with you.
You were not hungry.

You visited 2 branches of the dungeon, and saw 10 of its levels.
You also visited: Ossuary.

You collected 438 gold pieces.

Inventory:

Hand Weapons
 b - a cursed +0 war axe (weapon)
 q - a +0 battleaxe
 K - a +3 hand axe of chopping
Missiles
 L - a throwing net (quivered)
Armour
 c - a +0 shield (worn)
 k - a +0 pair of boots (worn)
 n - a scarf of spirit shield
 u - a scarf of repulsion (worn)
 I - a +1 helmet (worn)
 Q - a +0 troll leather armour (worn)
Jewellery
 l - a ring of protection from fire (left hand)
 N - a +3 amulet of reflection (around neck)
Wands
 s - a wand of iceblast (17)
 v - a wand of flame (15)
 y - a wand of paralysis (6)
Scrolls
 a - a scroll of identify
 i - 2 scrolls of remove curse
 j - a scroll of fog
 o - 2 scrolls of teleportation {unknown}
 p - 3 scrolls of amnesia
 r - a scroll of blinking
 w - 2 scrolls of enchant armour
 A - a scroll of enchant weapon {unknown}
 B - a scroll of magic mapping {unknown}
 C - 2 scrolls of noise {unknown}
 D - a scroll of immolation {unknown}
 F - a scroll of vulnerability {unknown}
 H - a scroll of holy word {unknown}
 M - a scroll of random uselessness
Potions
 d - 4 potions of might
 e - 2 potions of mutation
 g - 4 potions of haste
 h - 6 potions of flight
 m - 4 potions of agility
 t - 6 potions of curing
 x - 2 potions of lignification
 z - a potion of magic
 E - a potion of invisibility
 G - a potion of cancellation {unknown}
 J - a potion of heal wounds {unknown}
 P - a potion of degeneration {unknown}
Comestibles
 f - 15 rations


   Skills:
 * Level 7.0 Fighting
 + Level 18.3 Axes
 - Level 3.2 Armour
 - Level 3.2 Shields


You had 9 spell levels left.
You didn't know any spells.
Your spell library contained the following spells:

 Spells                   Type           Power        Failure   Level  Hunger
 Poisonous Vapours        Pois/Air       #.....       98%         2    ###....
 Conjure Flame            Conj/Fire      #.......     100%        3    ####...
 Mephitic Cloud           Conj/Pois/Air  #.......     100%        3    ####...
 Freezing Cloud           Conj/Ice/Air   #.........   100%        6    #######
 Ring of Flames           Chrm/Fire      #.........   100%        7    #######


Dungeon Overview and Level Annotations

Branches:
Dungeon (9/15)             Temple (1/1) D:7         Ossuary (visited)
   Lair: D:8-11         Orc: D:9-12

Altars:
Ashenzari
Cheibriados
Dithmenos
Elyvilon
Fedhas
Gozag
Hepliaklqana
Kikubaaqudgha
Makhleb
Nemelex Xobeh
Okawaru
Qazlal
Sif Muna
Trog
Uskayaw
Vehumet
Wu Jian
Xom
Yredelemnul
Zin
The Shining One

Annotations:
D:2 1 runed translucent door, Crazy Yiuf
D:9 3 runed translucent doors, exclusion: ice statue


Message History

The ice beast is almost dead.
You are engulfed in freezing vapours.
The ice statue glitters chillingly in the dim dungeon light.
The ice statue gestures at you.
The bolt of cold hits the ice beast.
The ice beast completely resists.
The bolt of cold hits the ice beast.
The ice beast completely resists.
The bolt of cold hits you!!
You hit the ice beast but do no damage. You hit the ice beast.
You kill the ice beast!
You are engulfed in freezing vapours.
* * * LOW HITPOINT WARNING * * *
The ice statue gestures.
You slash the ice beast!
The ice beast is moderately wounded.
You are engulfed in freezing vapours.
* * * LOW HITPOINT WARNING * * *
You block the ice beast's attack.
It was a potion of invisibility.
You fade into invisibility!
You die...

...........#
...........#
......###..# ......#
#..# ......# #..# ###
......# #..# #8# ......#
#..# #Y# ......#
#..#####Y##
......###.....#°@○#
..........#####☼°○##
..........####.☼...##
....########.........#
..................[....
#.......................
#...####################
#......#..# #..))..#..#


You could see an ice statue and 2 ice beasts.

Vanquished Creatures
  A two-headed ogre (D:9)
  A troll (D:8)
  A polar bear (D:8)
  A hippogriff (D:9)
  A yak (D:8)
  A hungry ghost (D:9)
  Duvessa (D:6)
  2 orc warriors
  6 ice beasts
  5 ogres
  4 wolves (D:8)
  3 bullfrogs
  A water moccasin zombie (D:5)
  Dowan (D:6)
  5 scorpions
  8 killer bees
  A howler monkey (D:7)
  3 vampire bats (D:3)
  3 crimson imps
  3 centaur zombies
  4 bullfrog zombies
  2 hounds
  4 jellies
  A wyvern simulacrum (D:8)
  2 centaur skeletons (D:8)
  A gnoll shaman (D:9)
  2 orc priests
  2 bullfrog skeletons
  5 iguanas
  10 orc wizards
  13 mummies (Ossuary)
  A worker ant (D:7)
  2 killer bee zombies (Ossuary)
  A bullfrog simulacrum (D:8)
  A centaur simulacrum (D:8)
  5 hound zombies (Ossuary)
  A hound skeleton (D:8)
  A worker ant zombie (Ossuary)
  12 gnolls
  8 adders
  2 shadow imps (D:5)
  4 white imps (D:8)
  2 worker ant simulacra (D:8)
  3 ufetubi (D:8)
  2 oozes
  3 adder zombies (Ossuary)
  3 worms
  2 dart slugs
  2 adder simulacra (D:8)
  6 leopard geckos
  24 orcs
  A ball python (D:3)
  4 bats
  5 bat skeletons (D:3)
  A bat zombie (D:3)
  5 giant cockroaches
  8 goblins
  5 hobgoblins
  3 quokkas
  4 frilled lizards
  10 kobolds
  A leopard gecko zombie (Ossuary)
  6 rats
  A rat zombie (D:6)
237 creatures vanquished.

Vanquished Creatures (others)
  A wolf (D:8)
1 creature vanquished.

Grand Total: 238 creatures vanquished

Notes
Turn   | Place    | Note
-------+----------+-------------------------------------------
     0 | D:1      | Delamore the Hill Orc Fighter began the quest for the Orb.
     0 | D:1      | Reached XP level 1. HP: 19/19 MP: 1/1
     8 | D:1      | Reached skill level 3 in Axes
    60 | D:1      | Reached XP level 2. HP: 20/26 MP: 2/2
   281 | D:1      | Reached skill level 4 in Axes
   532 | D:1      | Reached XP level 3. HP: 31/31 MP: 3/3
   796 | D:2      | Reached skill level 5 in Axes
  1153 | D:2      | Found a runed translucent door.
  1154 | D:2      | Noticed Crazy Yiuf
  1508 | D:3      | Reached XP level 4. HP: 34/39 MP: 4/4
  1856 | D:3      | Reached skill level 6 in Axes
  1891 | D:3      | Found an ancient bone altar of Kikubaaqudgha.
  1894 | D:3      | Reached XP level 5. HP: 45/45 MP: 5/5
  1897 | D:3      | Reached skill level 7 in Axes
  2259 | D:4      | Reached skill level 8 in Axes
  2335 | D:4      | Noticed an ogre
  2342 | D:4      | Reached XP level 6. HP: 47/51 MP: 4/6
  2629 | D:4      | Reached skill level 9 in Axes
  2856 | D:4      | Reached XP level 7. HP: 54/57 MP: 7/7
  2859 | D:4      | Found a shadowy altar of Dithmenos.
  2941 | D:4      | Reached skill level 10 in Axes
  3358 | D:5      | Entered Level 5 of the Dungeon
  3571 | D:5      | Reached skill level 11 in Axes
  3738 | D:5      | Reached XP level 8. HP: 59/64 MP: 8/8
  3990 | D:4      | Reached skill level 12 in Axes
  4527 | D:6      | Noticed Dowan
  4529 | D:6      | Noticed Duvessa
  4698 | D:6      | Found a sand-covered staircase.
  4709 | Ossuary  | Entered an ossuary
  4725 | Ossuary  | Reached skill level 13 in Axes
  5004 | Ossuary  | Reached XP level 9. HP: 40/70 MP: 9/9
  5075 | Ossuary  | Reached skill level 14 in Axes
  5871 | D:6      | Killed Duvessa
  5880 | D:6      | Killed Dowan
  6196 | D:7      | Reached skill level 15 in Axes
  6251 | D:7      | Found a staircase to the Ecumenical Temple.
  6274 | Temple   | Entered the Ecumenical Temple
  6281 | Temple   | Became a worshipper of Warmaster Okawaru
  7160 | D:8      | Reached skill level 16 in Axes
  7300 | D:8      | Reached * piety under Okawaru
  7661 | D:8      | Noticed a polar bear
  7669 | D:8      | Reached XP level 10. HP: 69/77 MP: 10/10
  7674 | D:8      | Reached skill level 17 in Axes
  7822 | D:8      | Found a glowing silver altar of Zin.
  7989 | D:8      | Reached ** piety under Okawaru
  8896 | D:9      | Reached skill level 18 in Axes
  9146 | D:8      | Reached skill level 5 in Fighting
  9374 | D:9      | Reached *** piety under Okawaru
  9441 | D:9      | Noticed a two-headed ogre
  9442 | D:9      | Found a runed translucent gate.
  9443 | D:9      | Found a runed translucent gate.
  9443 | D:9      | Found a runed translucent gate.
  9443 | D:9      | Noticed a green ugly thing
  9443 | D:9      | Noticed a glowing orange brain
  9444 | D:9      | Noticed a cyan ugly thing
  9444 | D:9      | Noticed a brown ugly thing
  9444 | D:9      | Noticed a cyan ugly thing
  9449 | D:9      | Noticed a red very ugly thing
  9452 | D:9      | Killed a two-headed ogre
  9668 | D:9      | Noticed an ice statue
  9688 | D:9      | Engulfed by an ice statue's freezing vapour

Levels and vault maps discovered:
D:1:      minmay_arrival_up_and_down, layout_loops_ring,
          chequers_serial_rivers_room_b, minmay_misc_feat_four_crosses
D:2:      layout_basic, nicolae_overflow_hidden_temple, uniq_crazy_yiuf_cottage
D:3:      layout_basic, kennysheep_vampire_church
D:4:      layout_loops_ring, overflow_temple_1_default, first_ration,
          kennysheep_windowed_goal
D:5:      layout_loops_ring
D:6:      layout_gridville, enter_ossuary_3, minmay_misc_feat_pillars,
          uniq_duvessa
D:7:      layout_basic, minmay_temple_entry_glass, eino_jars
D:8:      layout_loops_ring, kennysheep_mini_moat, serial_ice, serial_ice_n,
          serial_ice_f, serial_ice_b, serial_ice_m, serial_ice_a, serial_ice_c,
          serial_ice_h, serial_ice_i, serial_ice_d, serial_ice_g
D:9:      minmay_statue_hallways, layout_long_grid,
          ploomutoo_gammafunk_ghost_potion_laboratory
Temple:   nicolae_temple_no_exploring_needed

Skill      XL: |  1  2  3  4  5  6  7  8  9 10 |
---------------+-------------------------------+-----
Axes           | 3 4 5 6 8 9 11 13 16 18 | 18.3
Fighting       | 7 |  7.0
Armour         | |  3.2
Shields        | |  3.2

Action                   |  1- 3 |  4- 6 |  7- 9 | 10-12 || total
-------------------------+-------+-------+-------+-------++-------
Melee: War axe           |    88 |   103 |   350 |    17 ||   558
       Hand axe          |       |       |   147 |   217 ||   364
  Use: Scroll            |       |       |    14 |       ||    14
       Potion            |       |       |       |     1 ||     1
  Eat: Chunk             |     2 |     4 |     9 |     9 ||    24
       Ration            |       |       |     2 |       ||     2
Armor: Scale mail        |    44 |    55 |   163 |    50 ||   312
       Troll leather arm |       |       |       |    10 ||    10
Dodge: Dodged            |    23 |    46 |   100 |    35 ||   204
       Deflected         |       |       |     3 |       ||     3
Block: Shield            |    44 |    37 |   176 |   138 ||   395
       Reflection        |       |       |       |     2 ||     2
